 Dungeon Crawl Stone Soup version 0.30-a0-1016-gfb0d676c02 (webtiles) character file.

Game seed: 3255841066471024592

326 OrthodoxDeviant the Chopper (level 6, -10/43 HPs)
             Began as a Demonspawn Gladiator on Apr 6, 2023.
             Killed from afar by an orc wizard (11 damage)
             ... with a puff of flame
             ... on level 4 of the Dungeon.
             The game lasted 00:04:18 (2832 turns).

OrthodoxDeviant the Chopper (Demonspawn Gladiator)  Turns: 2832, Time: 00:04:18

Health: -10/43     AC: 11    Str: 17    XL:     6   Next: 24%
Magic:  6/6        EV: 10    Int:  9    God:
Gold:   100        SH:  5    Dex: 14    Spells: 5/5 levels left

rFire   . . .      SeeInvis .    a - +0 war axe
rCold   . . .      Faith    .    (no shield)
rNeg    . . .      Spirit   .    l - +0 scale mail
rPois   +          Reflect  +    (helmet restricted)
rElec   .          Rampage  .    f - +2 cloak
rCorr   .          Rnd*Tele +    (no gloves)
Will    .....                    q - +1 pair of boots {Fly} Stlth
                                 i - amulet of reflection
HPRegen 0.27/turn                o - ring of poison resistance
MPRegen 0.10/turn                (no ring)

@: flying
A: antennae 1, frail 1, teleportitis 1, MP-powered wands
a: no special abilities


You were on level 4 of the Dungeon.
You visited 1 branch of the dungeon, and saw 4 of its levels.

You collected 100 gold pieces.

Inventory:

Hand Weapons
 a - a +0 war axe (weapon)
Missiles
 d - 3 throwing nets (quivered)
 e - a javelin
Armour
 b - a +0 leather armour
 c - a +0 helmet
 f - a +2 cloak (worn)
 l - a +0 scale mail (worn)
 q - a +1 pair of boots of flying (worn)
Jewellery
 i - an amulet of reflection (around neck)
 o - a ring of poison resistance (left hand)
Scrolls
 g - 2 scrolls of immolation
 h - a scroll of identify {unknown}
 j - a scroll of torment {unknown}
 k - a scroll of magic mapping {unknown}
 m - a scroll of fear {unknown}
 p - 3 scrolls of fog {unknown}
Potions
 n - a potion of heal wounds


   Skills:
 + Level 4.1 Fighting
 + Level 4.3 Axes
 + Level 3.7 Throwing
 - Level 2.6 Dodging


You had 5 spell levels left.
You didn't know any spells.
Your spell library contained the following spells:

 Spells                   Type           Power      Damage    Failure   Level
 Call Canine Familiar     Summ           0%         N/A       99%         3
 Portal Projectile        Hex/Tloc       0%         N/A       99%         3
 Leda's Liquefaction      Hex/Erth       0%         N/A       100%        4


Dungeon Overview and Level Annotations

Branches:
Dungeon (4/15)
 Temple: D:4-7

Altars:
Cheibriados
Makhleb

Annotations:
D:3 1 runed translucent door, KidAlby's ghost, amateur DsBe


Innate Abilities, Weirdness & Mutations

You have a pair of small antennae on your head.
You are frail. (-10% HP)
You are occasionally teleported next to monsters.
You expend magic power (3 MP) to strengthen your wands.


Message History

You barely miss something. You punch something. You barely miss something.
Something completely misses you. Something hits you but does no damage.
You closely miss something. You barely miss something. Something hits you.
Something hits you but does no damage. x3
You miss something. You barely miss something. Something hits you.
Something hits you but does no damage.
You miss something. You barely miss something.
You hear some strange, mumbled words.
Something tries to affect you, but you resist.
Something hits you.
You closely miss something. You miss something.
You hear some strange, mumbled words.
A puff of flame appears from out of thin air!
The puff of flame hits you.
* * * LOW HITPOINT WARNING * * *
Something hits you but does no damage.
You barely miss something. You hit something but do no damage.
You hear some strange, mumbled words.
A puff of flame appears from out of thin air!
The puff of flame hits you.
* * * LOW HITPOINT WARNING * * *
Something hits you but does no damage. x2; Something hits you.
* * * LOW HITPOINT WARNING * * *
You closely miss something. You hit something.
Something hits you but does no damage. x2
You closely miss something. You slash something!
Reactivating autopickup.
You feel a bit more experienced.
You hear some strange, mumbled words.
A magic dart appears from out of thin air!
Deactivating autopickup; reactivate with Ctrl-A.
The magic dart hits you!
* * * LOW HITPOINT WARNING * * *
Unknown command.
Unknown command.
You miss something. Something hits you but does no damage.
You hear some strange, mumbled words.
A puff of flame appears from out of thin air!
The puff of flame hits you!
You die...

##.#### #
#.....
#.###....##
#.#.......###
............
#.......###
#..)......
#<@{...#
#.))..##
#####.# #


There were no monsters in sight!

Vanquished Creatures
  Sigmund (D:2)
  2 orc wizards (D:4)
  4 adders
  2 worms
  2 dart slugs
  3 orcs
  4 ball pythons
  10 endoplasms
  3 giant cockroaches
  4 goblins
  5 hobgoblins
  3 jackals (D:2)
  6 kobolds
  4 quokkas (D:2)
  5 bats
  2 frilled lizards
  7 rats
67 creatures vanquished.

Notes
Turn   | Place    | Note
-------+----------+-------------------------------------------
     0 | D:1      | OrthodoxDeviant the Demonspawn Gladiator began the quest
                  | for the Orb.
     0 | D:1      | Reached XP level 1. HP: 16/16 MP: 1/1
   103 | D:1      | Gained mutation: You have a pair of small antennae on your
                  | head. [demonic ancestry]
   103 | D:1      | Reached XP level 2. HP: 17/22 MP: 2/2
   642 | D:1      | Reached XP level 3. HP: 28/28 MP: 3/3
  1602 | D:2      | Reached XP level 4. HP: 26/34 MP: 4/4
  1635 | D:2      | Noticed Sigmund
  1646 | D:2      | Gained mutation: You expend magic power (3 MP) to
                  | strengthen your wands. [potion of mutation]
  1646 | D:2      | Gained mutation: You are occasionally teleported next to
                  | monsters. [potion of mutation]
  1646 | D:2      | Gained mutation: You are frail. (-10% HP) [potion of
                  | mutation]
  1660 | D:2      | Killed Sigmund
  1661 | D:2      | Reached XP level 5. HP: 19/37 MP: 5/5
  2333 | D:3      | Found a runed translucent door.
  2334 | D:3      | Noticed KidAlby's ghost (amateur DsBe)
  2358 | D:3      | Found a snail-covered altar of Cheibriados.
  2358 | D:3      | Found a burning altar of Makhleb.
  2744 | D:4      | Reached XP level 6. HP: 39/43 MP: 6/6
  2831 | D:4      | HP: 1/43 [something/magic dart (9)]
  2832 | D:4      | Killed from afar by an orc wizard

Illustrated notes

Levels and vault maps discovered:
D:1:      erik_arrival_cave_to_civilisation [erik_arrival_cave_to_hall],
          layout_basic, serial_rivers, chequers_serial_rivers_small_3,
          chequers_serial_rivers_marsh, chequers_serial_rivers_micro_e,
          chequers_serial_rivers_micro_d, chequers_serial_rivers_micro_d,
          kennysheep_flooded_box, st_stairs_4
D:2:      minmay_angry_zag, layout_basic, uniq_sigmund
D:3:      layout_basic, gammafunk_temple_overflow_elements,
          ebering_ghost_inner_flame, minmay_misc_feat_roman, st_stairs_2
D:4:      layout_loops_ring, grunt_temple_overflow_opulence, uniq_menkaure

Skill      XL: |  1  2  3  4  5  6 |
---------------+-------------------+-----
Throwing       | 2 3 |  3.7
Axes           | 3 4 |  4.3
Fighting       | 3 4 |  4.1
Dodging        | |  2.6

Action                     |  1- 3 |  4- 6 || total
---------------------------+-------+-------++-------
  Melee: War axe           |   104 |   108 ||   212
         Punch             |       |     1 ||     1
    Use: Potion            |       |     4 ||     4
 Armour: Leather armour    |    15 |       ||    15
         Scale mail        |    33 |    70 ||   103
  Dodge: Dodged            |    84 |    63 ||   147
  Block: Other             |       |     1 ||     1

Table legend: (Time is in decaauts)
 A = Elapsed time spent in this place.
 B = Non-inter-level travel time spent in this place.
 C = Inter-level travel time spent in this place.
 D = Time resting spent in this place.
 E = Time spent auto-exploring this place.
 F = Levels seen in this place.
 G = Mean time per level.
                   A        B        C        D        E       F      G
               +--------+--------+--------+--------+--------+-----+--------+
         Total |   2903 |   2629 |    274 |      0 |   2128 |   4 |  725.8 |
       Dungeon |   2903 |   2629 |    274 |      0 |   2128 |   4 |  725.8 |
               +--------+--------+--------+--------+--------+-----+--------+

Top non-repeatable levels by time:
     D:1: 1297 daAuts
     D:2: 1037 daAuts
     D:3: 463 daAuts
     D:4: 104 daAuts
